 Dungeon Crawl Stone Soup version 0.30-a0-859-gf88a04b62d (webtiles) character file.

Game seed: 1228456133746326358

4 ragingrage the Sneak (level 1, 0/18 HPs)
             Began as a Demonspawn Delver on Mar 6, 2023.
             Was an Initiate of Ashenzari.
             Succumbed to an adder's poison
             ... on level 4 of the Dungeon.
             The game lasted 00:00:42 (599 turns).

ragingrage the Sneak (Demonspawn Delver)             Turns: 599, Time: 00:00:42

Health: 0/18       AC:  3    Str: 12    XL:     1   Next: 58%
Magic:  1/1        EV: 11    Int: 11    God:    Ashenzari [......]
Gold:   41         SH:  0    Dex: 14    Spells: 0/0 levels left

rFire   . . .      SeeInvis .    a - +0 falchion
rCold   . . .      Faith    .    (no shield)
rNeg    . . .      Spirit   .    b - +0 leather armour
rPois   .          Reflect  .    (no helmet)
rElec   .          Rampage  .    (no cloak)
rCorr   .                        (no gloves)
Will    .....                    (no boots)
Stlth   ++                       (no amulet)
HPRegen 0.23/turn                (no ring)
MPRegen 0.07/turn                (no ring)

@: lethally poisoned (0 -> -2)
A: no striking features
a: Renounce Religion


You were on level 4 of the Dungeon.
You worshipped Ashenzari.
Ashenzari was noncommittal.
You visited 1 branch of the dungeon, and saw 3 of its levels.

You collected 41 gold pieces.

Inventory:

Hand Weapons
 a - a +0 falchion (weapon)
Armour
 b - a +0 leather armour (worn)
Wands
 g - a wand of digging (3)
Scrolls
 c - a scroll of fog
 d - a scroll of magic mapping
 e - a scroll of fear
 h - a scroll of identify {unknown}
 i - a scroll of enchant armour {unknown}
 j - a scroll of amnesia {unknown}
Potions
 f - a potion of brilliance {unknown}


   Skills:
 - Level 3.0 Fighting
 + Level 2.2 Long Blades
 - Level 1.7 Dodging
 - Level 4.5 Stealth


You couldn't memorise any spells.
You didn't know any spells.
Your spell library contained the following spells:

 Spells                   Type           Power      Damage    Failure   Level
 Yara's Violent Unravell  Hex/Tmut       0%         3d3       100%        5
 Enfeeble                 Hex            0%         N/A       100%        7


Dungeon Overview and Level Annotations

Branches:
Dungeon (6/15)
 Temple: D:4-7

Altars:
Ashenzari

Shops:
D:5 [


Message History

An adder comes into view.
The helpless adder fails to defend itself.
You hit the adder but do no damage. The adder bites you but does no damage.
The adder bites you.
You are too injured to fight recklessly!
You are too injured to fight recklessly!
You are too injured to fight recklessly!
You are too injured to fight recklessly!
You are too injured to fight recklessly!
You are too injured to fight recklessly!
You are too injured to fight recklessly!
You are too injured to fight recklessly!
You are too injured to fight recklessly!
You are too injured to fight recklessly!
You are too injured to fight recklessly!
You closely miss the adder. The adder bites you.
You are poisoned.
The adder poisons you!
You hit the adder.
You feel sick. The adder bites you but does no damage. The adder bites you.
You closely miss the adder.
You feel sick. The adder barely misses you.
You hit the adder but do no damage.
You feel sick.
You are no longer poisoned.
The adder bites you. The adder barely misses you.
Unknown command.
You barely miss the adder. You punch the adder, but do no damage.
The adder bites you but does no damage.
Unknown command.
You closely miss the adder. The adder bites you.
* * * LOW HITPOINT WARNING * * *
You are poisoned.
The adder poisons you! The adder bites you.
* * * LOW HITPOINT WARNING * * *
You hit the adder.
* * * LOW HITPOINT WARNING * * *
You feel sick. The adder bites you but does no damage.
Unknown command.
You slash the adder!
You kill the adder!
You die...

#. .. #. .. #. .##
######. ... ....... #.#
#.# ####### . #.#
#.###### #....
....###.###.#....# #.###
.......@.##.#.##.###....
.......#..#.#.#...#.....
.......##.#.#.#.........
....... #[#.#.#....#...#
....... #...#..........#
....... ##.......##.....
####### #....#..####.##
#....#..# .... #.>..#..#
####.


There were no monsters in sight!

Vanquished Creatures
  An adder (D:4)
  An endoplasm (D:4)
  5 frilled lizards (D:5)
7 creatures vanquished.

Vanquished Creatures (others)
  9 plants (D:5)
9 creatures vanquished.

Grand Total: 16 creatures vanquished

Notes
Turn   | Place    | Note
-------+----------+-------------------------------------------
     0 | D:5      | ragingrage the Demonspawn Delver began the quest for the
                  | Orb.
     0 | D:5      | Reached XP level 1. HP: 18/18 MP: 1/1
    11 | D:5      | Found a broken altar of Ashenzari.
    22 | D:5      | Became a worshipper of Ashenzari the Shackled
   220 | D:5      | Noticed an iguana
   338 | D:5      | Found Weaq Yxo's Armour Shoppe.
   506 | D:5      | Noticed a hound
   599 | D:4      | Succumbed to an adder's poison

Illustrated notes

Levels and vault maps discovered:
D:4:      layout_basic, serial_undead, serial_undead_e, serial_undead_d,
          serial_undead_b, serial_undead_c
D:5:      layout_basic, mainiacjoe_overflow_alcove_4,
          nzn_overflow_gifts_of_might_and_magic, lightli_sewer_entry_pipes,
          nicolae_inconvenience_store, hex_tiny, minmay_lizard_king
D:6:      layout_gridville, minivault_22

Skill      XL: |  1 |
---------------+----+-----
Long Blades    | 2 |  2.2
Fighting       | |  3.0
Dodging        | |  1.7
Stealth        | |  4.5

Action                     || total
---------------------------++-------
  Melee: Falchion          ||    40
         Punch             ||     1
    Use: Potion            ||     1
   Stab: Sleeping          ||     2
 Armour: Leather armour    ||    10
  Dodge: Dodged            ||    19

Table legend: (Time is in decaauts)
 A = Elapsed time spent in this place.
 B = Non-inter-level travel time spent in this place.
 C = Inter-level travel time spent in this place.
 D = Time resting spent in this place.
 E = Time spent auto-exploring this place.
 F = Levels seen in this place.
 G = Mean time per level.
                   A        B        C        D        E       F      G
               +--------+--------+--------+--------+--------+-----+--------+
         Total |    587 |    580 |      7 |      3 |    439 |   3 |  195.7 |
       Dungeon |    587 |    580 |      7 |      3 |    439 |   3 |  195.7 |
               +--------+--------+--------+--------+--------+-----+--------+

Top non-repeatable levels by time:
     D:5: 497 daAuts
     D:4: 87 daAuts
     D:6: 1 daAuts
